 Dungeon Crawl Stone Soup version 0.22.1-2-g9c5b331383 (webtiles) character file.

492 Peloso the Shield-Bearer (level 6, -1/53 HPs)
             Began as a Minotaur Fighter on Dec 24, 2018.
             Killed from afar by an orc wizard (6 damage)
             ... with a puff of frost
             ... on level 3 of the Dungeon.
             The game lasted 00:02:52 (1183 turns).

Peloso the Shield-Bearer (Minotaur Fighter)         Turns: 1183, Time: 00:02:52

Health: -1/53      AC: 13    Str: 26    XL:     6   Next: 91%
Magic:  5/5        EV:  6    Int:  5    God:
Gold:   143        SH: 11    Dex: 11    Spells: 5/5 levels left

rFire    . . .     SeeInvis .   a - +0 long sword
rCold    . . .     Gourm    .   c - +0 shield
rNeg     . . .     Faith    .   m - +0 plate armour
rPois    .         Spirit   .   (helmet restricted)
rElec    .         Reflect  .   (no cloak)
rCorr    .         Harm     .   n - +0 pair of gloves
MR       .....                  (no boots)
Stlth    ..........             (no amulet)
HPRegen  0.17/turn              (no ring)
MPRegen  0.09/turn              (no ring)

@: mighty
A: retaliatory headbutt, horns 2
a: no special abilities


You were on level 3 of the Dungeon.
You were very hungry.

You visited 1 branch of the dungeon, and saw 3 of its levels.

You collected 143 gold pieces.

Inventory:

Hand Weapons
 a - a +0 long sword (weapon)
Armour
 b - a +0 scale mail
 c - a +0 shield (worn)
 m - a +0 plate armour (worn)
 n - a +0 pair of gloves (worn)
Scrolls
 e - a scroll of fear {unknown}
 g - a scroll of random uselessness {unknown}
 h - a scroll of amnesia {unknown}
 i - 2 scrolls of identify {unknown}
 k - a scroll of remove curse {unknown}
 o - 2 scrolls of fog {unknown}
 q - a scroll of teleportation {unknown}
Potions
 j - a potion of ambrosia {unknown}
 l - a potion of berserk rage {unknown}
 p - a potion of mutation {unknown}
Comestibles
 f - 7 rations


   Skills:
 + Level 4.7 Fighting
 + Level 5.5 Long Blades
 + Level 5.3 Armour
 + Level 1.2 Dodging
 + Level 5.9 Shields


You had 5 spell levels left.
You didn't know any spells.
Your spell library was empty.

Dungeon Overview and Level Annotations

Branches:
Dungeon (3/15)

Altars:


Innate Abilities, Weirdness & Mutations

You reflexively headbutt those who attack you in melee.
You have a pair of horns on your head.


Message History

You kill the orc!
You hear some strange, mumbled words.
A puff of frost appears from out of thin air!
The puff of frost hits you!
* * * LOW HITPOINT WARNING * * *
You hear some strange, mumbled words.
A magic dart appears from out of thin air!
The magic dart hits you!
* * * LOW HITPOINT WARNING * * *
Something hits you but does no damage. x2
Items here: )) [ †† a flail; a dagger; a robe; an orc corpse x2
Something hits you but does no damage.
You hear some strange, mumbled words.
A puff of flame appears from out of thin air!
The puff of flame hits you!
You hear some strange, mumbled words.
A puff of frost appears from out of thin air!
The puff of frost hits you!
You die...

.## ..## #...
#.!### #....
#.######..## #
#.....@#...##.#.
######..........
#<.........
#..........
#.)......#.
#))......#
#(#...#..#
#.#####..#
#.......# .#


There were no monsters in sight!

Vanquished Creatures
  Grinder (D:3)
  Sigmund (D:3)
  An orc wizard (D:3)
  Jessica (D:2)
  Terence (D:2)
  2 adders (D:2)
  An ooze (D:2)
  3 worms (D:2)
  A leopard gecko (D:2)
  3 orcs (D:3)
  A ball python (D:2)
  A giant cockroach (D:1)
  2 goblins (D:1)
  4 hobgoblins
  11 jackals
  8 kobolds
  10 bats
  3 frilled lizards
  7 rats
62 creatures vanquished.

Notes
Turn   | Place    | Note
-------+----------+-------------------------------------------
     0 | D:1      | Peloso the Minotaur Fighter began the quest for the Orb.
     0 | D:1      | Reached XP level 1. HP: 19/19 MP: 0/0
   136 | D:1      | Reached XP level 2. HP: 25/27 MP: 1/1
   369 | D:1      | You fall through a shaft!
   404 | D:2      | Reached XP level 3. HP: 32/33 MP: 2/2
   409 | D:2      | Noticed Terence
   441 | D:2      | Killed Terence
   556 | D:2      | Reached XP level 4. HP: 40/40 MP: 3/3
   769 | D:2      | Noticed Jessica
   779 | D:2      | Killed Jessica
  1137 | D:3      | Noticed Sigmund
  1140 | D:3      | Noticed Grinder
  1145 | D:3      | Paralysed by Grinder for 5 turns
  1158 | D:3      | Reached XP level 5. HP: 18/46 MP: 4/4
  1161 | D:3      | Killed Grinder
  1161 | D:3      | Reached skill level 5 in Long Blades
  1161 | D:3      | Reached skill level 5 in Armour
  1161 | D:3      | Reached skill level 1 in Dodging
  1161 | D:3      | Reached skill level 5 in Shields
  1161 | D:3      | Reached XP level 6. HP: 16/53 MP: 5/5
  1170 | D:3      | Killed Sigmund
  1183 | D:3      | Killed from afar by an orc wizard

Skill      XL: |  1  2  3  4  5 |
---------------+----------------+-----
Armour         | 4 5 |  5.3
Fighting       | 4 |  4.7
Shields        | 4 5 |  5.9
Long Blades    | 3 4 5 |  5.5
Dodging        | 1 |  1.2

Action                   |  1- 3 |  4- 6 || total
-------------------------+-------+-------++-------
Melee: Long sword        |    95 |    82 ||   177
       Headbutt          |    22 |    10 ||    32
  Use: Potion            |       |     1 ||     1
Armor: Scale mail        |    48 |     1 ||    49
       Plate armour      |       |    60 ||    60
Dodge: Dodged            |    36 |    22 ||    58
Block: Shield            |    66 |    50 ||   116
       Rpst.: Long sword |    13 |     2 ||    15
